 Dungeon Crawl Stone Soup version 0.29.1-15-g9cfb28693d (webtiles) character file.

Game seed: 14145673736483349944

371 Foic the Trooper (level 6, 51/57 HPs)
             Began as a Hill Orc Abyssal Knight on May 12, 2023.
             Was a Believer of Lugonu.
             Got out of the dungeon alive.
             The game lasted 00:11:10 (4251 turns).

Foic the Trooper (Hill Orc Abyssal Knight)          Turns: 4251, Time: 00:11:10

Health: 51/57      AC: 12    Str: 18    XL:     6   Next: 71%
Magic:  8/8        EV:  7    Int: 10    God:    Lugonu [**....]
Gold:   250        SH:  0    Dex: 11    Spells: 5/5 levels left

rFire   . . .      SeeInvis .   a - +1 hand axe
rCold   + . .      Faith    .   (no shield)
rNeg    . . .      Spirit   .   z - +0 chain mail
rPois   .          Reflect  .   i - +0 helmet
rElec   .          Harm     .   b - scarf {+Inv}
rCorr   .          Rampage  .   (no gloves)
Will    .....      Clarity  +   d - +0 pair of boots
Stlth   ..........              e - amulet of magic regeneration
HPRegen 0.19/turn               j - ring of protection from cold
MPRegen 0.51/turn               (no ring)

@: no status effects
A: clarity
a: Renounce Religion, Evoke Invisibility, Depart the Abyss, Bend Space


You escaped.
You worshipped Lugonu.
Lugonu was pleased with you.
You visited 1 branch of the dungeon, and saw 5 of its levels.
You visited the Abyss 1 time.

You collected 250 gold pieces.

Inventory:

Hand Weapons
 a - a +1 hand axe (weapon)
 g - a +3 dagger
 v - a +0 war axe
Missiles
 o - a throwing net
Armour
 b - a scarf of invisibility (worn)
 d - a +0 pair of boots (worn)
 i - a +0 helmet (worn)
 t - a +0 ring mail
 z - a +0 chain mail (worn)
Jewellery
 e - an amulet of magic regeneration (around neck)
 j - a ring of protection from cold (left hand)
 w - a ring of ice
Wands
 n - a wand of polymorph (6)
 x - a wand of paralysis (8)
Scrolls
 c - 2 scrolls of fog {unknown}
 f - a scroll of acquirement {unknown}
 h - 2 scrolls of identify {unknown}
 k - 2 scrolls of vulnerability {unknown}
 m - a scroll of enchant weapon {unknown}
 p - a scroll of enchant armour {unknown}
 q - a scroll of teleportation {unknown}
 y - a scroll of blinking {unknown}
Potions
 l - 2 potions of curing
 r - 2 potions of degeneration {unknown}
 s - 2 potions of lignification {unknown}
 u - a potion of brilliance {unknown}


   Skills:
 * Level 5.8 Fighting
 + Level 5.3 Axes
 * Level 4.4 Armour
 + Level 1.3 Dodging
 + Level 2.9 Invocations


You had 5 spell levels left.
You didn't know any spells.
Your spell library contained the following spells:

 Spells                   Type           Power      Damage    Failure   Level
 Magic Dart               Conj           0%         1d3       99%         1
 Searing Ray              Conj           0%         2d4       100%        2
 Inner Flame              Hex/Fire       0%         N/A       100%        3
 Cause Fear               Hex            0%         N/A       100%        4
 Fulminant Prism          Conj/Hex       0%         3d6       100%        4
 Discord                  Hex            0%         N/A       100%        8


Dungeon Overview and Level Annotations

Branches:
Dungeon (5/15)
 Temple: D:4-7

Altars:
Ashenzari
Kikubaaqudgha
Okawaru
Yredelemnul

Shops:
D:2 *   D:4 *

Annotations:
D:4 2 transporters, Menkaure


Innate Abilities, Weirdness & Mutations

You possess an exceptional clarity of mind.


Message History

You closely miss the phantom. You punch the phantom.
The phantom is almost destroyed.
The phantom hits you.
You barely miss the phantom.
The phantom is almost destroyed.
The phantom closely misses you.
The phantom hits you but does no damage.
You miss the phantom.
The phantom is almost destroyed.
The phantom hits you.
The phantom blinks!
You blink.
You closely miss the phantom.
The phantom is almost destroyed.
The phantom hits you but does no damage.
You hit the phantom but do no damage.
The phantom is almost destroyed.
The phantom barely misses you.
You completely miss the phantom.
The phantom is almost destroyed.
The phantom barely misses you.
You hit the phantom.
You destroy the phantom!
Lugonu accepts your kill.
(D) Dungeon
Where to? (Enter - D:4 @ (x,y), ? - help)
What level of the Dungeon? (default 1, ? - help)
There is a stone staircase leading up here.
There is a stone staircase leading up here.
You climb upwards.
There is a stone staircase leading down here.
There is a stone staircase leading up here.
You climb upwards.
There is a stone staircase leading down here.
There is a stone staircase leading up here.
You climb upwards.
There is a stone staircase leading down here.
There is a staircase leading out of the dungeon here.
Are you sure you want to leave the Dungeon?
This will make you lose the game!
Uppercase [Y]es or [N]o only, please.
Are you sure you want to leave the Dungeon?
This will make you lose the game!
You have escaped!

..## #.(........P.P.PPPP.PPP###
..# #........P......PPPPPPP#..
..# #...........P.......PPP#.#
..# #.........P..PP.PP..PPP#(#
### ##..####P..PP.........P#.#
#..# #.P.PP.P......P.#.# #..#
#..P..P..P...P.P..#
#..####P...P..P........##
#..##...@P.P.P.P.P.P...##
#......P...P..P..P.P.P#..
#.#..>...P...P.......P...
#########.......P.P...PP.PP.PP..#
.............##.....P.....P.PP###
#########...###P.....P......PP#
..........### #...P......P.PPP#
...######...###PP.....P.P.PPPP#
...######.#....PPP......PP.PPP#


There were no monsters in sight!

Vanquished Creatures
  A phantom (D:4)
  A necrophage (D:4)
  A howler monkey (D:3)
  A hound (D:5)
  An orc wizard (D:3)
  Robin (D:3)
  2 adders
  3 gnolls (D:4)
  2 worms (D:3)
  A dart slug (D:3)
  8 orcs
  5 ball pythons
  5 bats
  9 endoplasms
  2 giant cockroaches
  8 hobgoblins
  A quokka (D:2)
  2 frilled lizards
  13 goblins
  3 kobolds
  2 rats
72 creatures vanquished.

Vanquished Creatures (others)
  93 plants (D:1)
  6 toadstools (D:5)
99 creatures vanquished.

Grand Total: 171 creatures vanquished

Notes
Turn   | Place    | Note
-------+----------+-------------------------------------------
     0 | Abyss:1  | Foic the Hill Orc Abyssal Knight began the quest for the
                  | Orb.
     0 | Abyss:1  | Reached XP level 1. HP: 19/19 MP: 2/2
    95 | Abyss:1  | Noticed a great orb of eyes
   111 | D:1      | Escaped the Abyss
   581 | D:1      | Found a faded altar of an unknown god.
   584 | D:1      | Reached XP level 2. HP: 27/27 MP: 3/3
  1007 | D:2      | Found a broken altar of Ashenzari.
  1011 | D:2      | Reached XP level 3. HP: 33/34 MP: 5/5
  1021 | D:2      | Found Afekk's Assorted Antiques.
  1593 | D:2      | Reached ** piety under Lugonu
  2239 | D:3      | Reached skill level 5 in Fighting
  2239 | D:3      | Reached skill level 1 in Dodging
  2239 | D:3      | Reached XP level 4. HP: 17/42 MP: 6/6
  2246 | D:3      | Gained mutation: You possess an exceptional clarity of
                  | mind. [potion of mutation]
  2261 | D:3      | Reached XP level 5. HP: 33/48 MP: 7/7
  2580 | D:3      | Noticed Robin
  2601 | D:3      | Killed Robin
  3377 | D:4      | Found the +3 salamander hide armour {Flames rF++ rC--}
  3380 | D:4      | Found a basalt altar of Yredelemnul.
  3383 | D:4      | Noticed Menkaure
  3386 | D:4      | Found a transporter.
  3396 | D:4      | Noticed a phantom
  3419 | D:4      | Reached XP level 6. HP: 45/56 MP: 8/8
  3769 | D:4      | Found a transporter.
  3769 | D:4      | Found an ancient bone altar of Kikubaaqudgha.
  3819 | D:4      | Found Noireedgh's Neck Hole.
  3934 | D:5      | Entered Level 5 of the Dungeon
  3934 | D:5      | Found an iron altar of Okawaru.
  3955 | D:5      | Reached skill level 5 in Axes
  4251 | D:$      | Got out of the dungeon alive.

Illustrated notes

Levels and vault maps discovered:
D:1:      roderic_crop_circles_arrival_small, layout_rooms,
          shapermc_ecumenical_altar_mp_highgroup
D:2:      layout_loops_ring, serial_shops, nicolae_shop_advertising_works
          [nicolae_subvault_shop_adworks], basic_altar, minmay_misc_feat_columns
D:3:      layout_loops_ring, patterned_corridor, uniq_robin
D:4:      layout_basic, gammafunk_temple_of_torment, st_stairs_13,
          nicolae_shop_sticking_my_neck_out
D:5:      cheibrodos_fertilizer, layout_cave_pools, mainiacjoe_overflow_catwalk

Skill      XL: |  1  2  3  4  5  6 |
---------------+-------------------+-----
Fighting       | 4 5 |  5.8
Axes           | 3 4 5 |  5.3
Armour         | 3 4 |  4.4
Dodging        | 1 |  1.3
Invocations    | |  2.9

Action                   |  1- 3 |  4- 6 || total
-------------------------+-------+-------++-------
Melee: Hand axe          |   116 |   159 ||   275
       Punch             |     1 |     3 ||     4
Invok: Depart the Abyss  |     1 |       ||     1
  Use: Potion            |       |     3 ||     3
Armor: Leather armour    |    25 |       ||    25
       Ring mail         |     8 |    60 ||    68
       Skin              |       |     1 ||     1
       Chain mail        |       |    19 ||    19
Dodge: Dodged            |    60 |    62 ||   122
